 Dungeon Crawl Stone Soup version 0.19.0-2-gae57169 (webtiles) character file.

998 lorenzova the Grave Robber (level 8, -16/62 HPs)
             Began as a Deep Dwarf Necromancer on Nov 6, 2016.
             Was a Follower of Makhleb.
             Killed from afar by an orc warrior (17 damage)
             ... with a wand of acid
             ... on level 5 of the Dungeon.
             The game lasted 00:14:49 (4777 turns).

lorenzova the Grave Robber (Deep Dwarf Necromancer) Turns: 4777, Time: 00:14:50

Health: -16/62     AC:  3    Str: 14    XL:     8   Next: 0%
Magic:  14/17      EV: 12    Int: 19    God:    Makhleb [*.....]
Gold:   195        SH:  0    Dex: 13    Spells: 2 memorised, 16 levels left

rFire  . . .     SeeInvis .     v - +1 hand axe
rCold  . . .     Gourm    .     a - +0 robe
rNeg   . . .     Faith    .     (no shield)
rPois  .         Spirit   .     t - +1 helmet
rElec  .         Reflect  .     (no cloak)
rCorr  .         Harm     .     (no gloves)
MR     +....                    (no boots)
Stlth  ++........               (no amulet)
                                o - +3 ring of intelligence (curse)
                                f - +3 ring of protection

@: corroded, non-regenerating
A: damage resistance, recharge devices, sense surroundings 1, slow regeneration
3
a: Device Recharging, Renounce Religion


You were on level 5 of the Dungeon.
You worshipped Makhleb.
Makhleb was aware of your devotion.
You were not hungry.

You visited 2 branches of the dungeon, and saw 6 of its levels.

You collected 195 gold pieces.

Inventory:

Hand Weapons
 v - a +1 hand axe (weapon)
Missiles
 D - a poisoned javelin (quivered)
Armour
 a - a +0 robe (worn)
 g - a +2 hat
 t - a +1 helmet (worn)
Jewellery
 f - a +3 ring of protection (left hand)
 o - a cursed +3 ring of intelligence (right hand)
 y - an uncursed amulet of guardian spirit {unknown}
 z - an uncursed ring of resist corrosion {unknown}
Wands
 c - a wand of heal wounds (7/9)
 l - a wand of iceblast (10/15)
Scrolls
 e - a scroll of noise {unknown}
 k - a scroll of enchant weapon
 n - 3 scrolls of immolation
 p - 7 scrolls of identify {unknown}
 r - a scroll of fog {unknown}
 s - a scroll of blinking
 w - 2 scrolls of amnesia {unknown}
 x - 3 scrolls of remove curse
 A - a scroll of magic mapping {unknown}
 C - a scroll of teleportation {unknown}
Potions
 i - a potion of degeneration {unknown}
 m - 2 potions of curing {unknown}
 q - a potion of heal wounds {unknown}
 u - a potion of cure mutation {unknown}
 B - a potion of flight {unknown}
Books
 b - a book of Necromancy

   Spells                             Type                      Level
   a - Pain                           Necromancy                   1
   b - Animate Skeleton               Necromancy                   1
   c - Vampiric Draining              Necromancy                   3
   d - Regeneration                   Charms/Necromancy            3
   e - Animate Dead                   Necromancy                   4
   f - Control Undead                 Necromancy                   4
Comestibles
 d - 4 bread rations
 h - 2 fruits
 j - a slice of pizza


   Skills:
 - Level 2.1 Dodging
 - Level 2.4 Stealth
 * Level 6.6 Spellcasting
 + Level 7.2 Necromancy


You had 16 spell levels left.
You knew the following spells:

 Your Spells              Type           Power        Failure   Level  Hunger
a - Pain                  Necr           ####         1%          1    None
b - Vampiric Draining     Necr           ####......   1%          3    ##.....


Dungeon Overview and Level Annotations

Branches:
Dungeon (5/15)             Temple (1/1) D:4

Altars:
Cheibriados
Kikubaaqudgha
Makhleb
Nemelex Xobeh
Okawaru
Qazlal
Ru
Sif Muna
Zin
The Shining One

Shops:
D:5 [

Annotations:
D:2 Sigmund
D:4 Chiseanne's ghost, amateur HEAr


Innate Abilities, Weirdness & Mutations

You are resistant to damage.
You can recharge devices by infusing magical energy.
You passively map a small area around you.
You do not regenerate.


Message History

The orc warrior writhes in agony!
The orc warrior zaps a wand.
The bolt of acid hits you!
* * * LOW HITPOINT WARNING * * *
The acid corrodes you!
You are splashed with acid!
The acid burns!
* * * LOW HITPOINT WARNING * * *
It is a wand of acid.
Casting: Pain
Confirm with . or Enter, or press ? or * to list all spells.
Aiming: Pain
Press: ? - help, Shift-Dir - straight line, f/p - orc warrior
Aim: an orc warrior, wielding a long sword, wearing a chain mail and carrying a wand of acid {zapped: 1} (lightly wounded, chance to defeat MR: 84%)
The orc warrior writhes in agony!
Casting: Pain
Confirm with . or Enter, or press ? or * to list all spells.
Aiming: Pain
Press: ? - help, Shift-Dir - straight line, f/p - orc warrior
Aim: an orc warrior, wielding a long sword, wearing a chain mail and carrying a wand of acid {zapped: 1} (moderately wounded, chance to defeat MR: 84%)
The orc warrior barely resists.
The orc warrior zaps a wand.
The bolt of acid hits you!
You die...

#.###)## #.# #..## #.#
##..# * ## ### ##.## ..o
#..#### .... , ##.....
..>(. ######
,......#########
......o..@(...############
......#######.............
,..... ##############
####*


You could see an orc warrior.

Vanquished Creatures
  Grinder (D:5)
  An ogre (D:4)
  An ice beast (D:5)
  A sky beast (D:5)
  A centaur (D:5)
  A howler monkey (D:4)
  2 orc wizards (D:5)
  A jelly (D:5)
  Jessica (D:2)
  2 worker ants
  Robin (D:2)
  4 gnolls (D:5)
  9 adders
  A shadow imp (D:5)
  An ooze (D:1)
  An adder zombie (D:5)
  An adder skeleton (D:5)
  4 worms
  4 leopard geckos
  9 orcs
  2 ball pythons
  A bat (D:2)
  2 giant cockroaches
  11 goblins
  9 hobgoblins
  13 jackals
  A quokka (D:5)
  8 frilled lizards
  7 kobolds
  7 rats
108 creatures vanquished.

Notes
Turn   | Place    | Note
-------+----------+-------------------------------------------
     0 | D:1      | lorenzova the Deep Dwarf Necromancer began the quest for the Orb.
     0 | D:1      | Reached XP level 1. HP: 15/15 MP: 3/3
   175 | D:1      | Reached XP level 2. HP: 20/22 MP: 0/5
   838 | D:2      | Reached XP level 3. HP: 22/28 MP: 0/6
   983 | D:2      | Reached skill level 5 in Necromancy
  1409 | D:2      | Noticed Sigmund
  1457 | D:3      | Found a glowing silver altar of Zin.
  1641 | D:2      | Noticed Jessica
  1648 | D:2      | Killed Jessica
  1648 | D:2      | Reached XP level 4. HP: 26/36 MP: 3/8
  1791 | D:2      | Noticed Robin
  1882 | D:2      | Killed Robin
  2477 | D:3      | Reached XP level 5. HP: 16/42 MP: 7/10
  2489 | D:3      | Found a faded altar of an unknown god.
  2808 | D:4      | Found a staircase to the Ecumenical Temple.
  2814 | Temple   | Entered the Ecumenical Temple
  2826 | Temple   | Became a worshipper of Makhleb the Destroyer
  3082 | D:4      | Learned a level 3 spell: Vampiric Draining
  3220 | D:4      | Noticed an ogre
  3237 | D:4      | Killed an ogre
  3237 | D:4      | Reached XP level 6. HP: 12/49 MP: 10/12
  3354 | D:4      | Noticed Chiseanne's ghost (amateur HEAr)
  3458 | D:4      | Reached skill level 6 in Necromancy
  3773 | D:5      | Entered Level 5 of the Dungeon
  3791 | D:5      | Noticed an ice beast
  3845 | D:5      | Killed an ice beast
  3845 | D:5      | Reached skill level 5 in Spellcasting
  3885 | D:5      | Found Qoanank's Antique Armour Boutique.
  3909 | D:5      | Reached XP level 7. HP: 30/55 MP: 1/15
  4090 | D:5      | Reached * piety under Makhleb
  4560 | D:5      | Noticed Grinder
  4595 | D:5      | Killed Grinder
  4595 | D:5      | Reached skill level 7 in Necromancy
  4595 | D:5      | Reached XP level 8. HP: 23/62 MP: 17/17
  4775 | D:5      | HP: 1/62 [acid (12)]
  4777 | D:5      | Killed from afar by an orc warrior

Skill      XL: |  1  2  3  4  5  6  7 |
---------------+----------------------+-----
Spellcasting   | 2 3 4 5 6 |  6.6
Necromancy     | 5 6 7 |  7.2
Dodging        | |  2.1
Stealth        | |  2.4

Action                   |  1- 3 |  4- 6 |  7- 9 || total
-------------------------+-------+-------+-------++-------
Melee: Dagger            |    39 |    55 |       ||    94
       Hand axe          |       |    43 |    53 ||    96
Throw: Javelin           |       |     3 |    12 ||    15
 Cast: Pain              |    79 |    80 |    37 ||   196
       Vampiric Draining |       |     8 |     6 ||    14
Evoke: Wand              |       |     1 |     1 ||     2
  Use: Scroll            |     1 |     5 |       ||     6
 Stab: Sleeping          |       |     1 |       ||     1
  Eat: Chunk             |     3 |     6 |       ||     9
       Meat ration       |       |       |     1 ||     1
Armor: Robe              |    20 |    55 |    22 ||    97
Dodge: Dodged            |    34 |   132 |    35 ||   201
